 Dungeon Crawl Stone Soup version 0.30-b1-2-g02819fbbbe (webtiles) character file.

Game seed: 17669373426697458432

184 Alarkh the Insei (level 5, 38/38 HPs)
             Began as a Demonspawn Warper on May 28, 2023.
             Got out of the dungeon alive.
             The game lasted 00:02:22 (1423 turns).

Alarkh the Insei (Demonspawn Warper)                Turns: 1423, Time: 00:02:23

Health: 38/38      AC:  7    Str: 12    XL:     5   Next: 36%
Magic:  8/8        EV: 11    Int: 16    God:
Gold:   63         SH:  4    Dex: 12    Spells: 6/8 levels left

rFire   . .          .
                       - Unarmed
rCold   . . .        (no shield)
rNeg    . . .        a - +0 leather armour
rPois   .            k - +2 helmet
rElec   .            (no cloak)
rCorr   .            (no gloves)
SInv    .            h - +0 pair of boots
Will    .....        f - amulet of regeneration
Stlth   +            (no ring)
HPRegen 1.06/turn    (no ring)
MPRegen 0.11/turn

%: no passive effects
@: no status effects
A: claws 1, large bone plates 1, powered by pain 1, demonic magic 1
a: no special abilities


You escaped.
You visited 1 branch of the dungeon, and saw 2 of its levels.

You collected 63 gold pieces.

Inventory:

Hand Weapons
 d - a +0 sling
Missiles
 c - 7 boomerangs of dispersal (quivered)
 e - 3 boomerangs
Armour
 a - a +0 leather armour (worn)
 h - a +0 pair of boots (worn)
 i - a +0 kite shield
 k - a +2 helmet (worn)
Jewellery
 f - an amulet of regeneration (around neck)
 j - a ring of flight
Wands
 o - a wand of flame (6)
Scrolls
 b - a scroll of blinking
 g - 2 scrolls of teleportation {unknown}
 m - a scroll of poison {unknown}
 n - 2 scrolls of identify {unknown}


   Skills:
 - Level 2.0 Fighting
 - Level 0.8 Throwing
 - Level 0.8 Armour
 - Level 1.7 Dodging
 + Level 5.2 Unarmed Combat
 - Level 2.0 Spellcasting
 - Level 2.6 Translocations


You had 6 spell levels left.
You knew the following spells:

 Your Spells              Type           Power      Damage    Failure   Level
a - Blink                 Tloc           20%        N/A       13%         2

Your spell library contained the following spells:

 Spells                   Type           Power      Damage    Failure   Level
 Lesser Beckoning         Tloc           20%        N/A       13%         2
 Teleport Other           Tloc           10%        N/A       26%         3
 Vhi's Electric Charge    Tloc/Air       10%        N/A       41%         3
 Manifold Assault         Tloc           10%        N/A       65%         4


Dungeon Overview and Level Annotations

Branches:
Dungeon (2/15)

Altars:

Shops:
D:2 *


Innate Abilities, Weirdness & Mutations

You have sharp fingernails.
You are partially covered in large bone plates. (SH +4)
You sometimes gain a little power by taking damage.
Spells you cast may paralyse adjacent enemies.


Message History

You are confused.
HP restored.
You hear some strange, mumbled words.
You are more confused.
You climb upwards.
Reactivating autopickup.
There is a stone staircase leading down here.
You start waiting.
You feel less confused.
You climb downwards.
Level annotation: Sigmund Sigmund mumbles some strange words.
Sigmund flickers and vanishes!
Deactivating autopickup; reactivate with Ctrl-A.
There is a stone staircase leading up, spattered with blood here.
Aiming: Throw Flame
Press: ? - help, Shift-Dir - straight line The puff of flame hits something.
Reactivating autopickup.
You feel a bit more experienced.
Your Unarmed Combat skill gained 2 levels and is now at level 5!
You have reached level 4!
You feel stronger.
Your demonic ancestry asserts itself...
Your fingernails lengthen.
You have reached level 5!
Your demonic ancestry asserts itself...
You feel energised by your suffering.
Things that are here:
a +4 vampiric scythe; a +0 robe; the human corpse of Sigmund
(D) Dungeon
Where to? (Enter - D:1 @ (x,y), ? - help)
What level of the Dungeon? (default 1, ? - help)
There is a stone staircase leading up, spattered with blood here.
You climb upwards.
There is a stone staircase leading down here.
You see here 8 stones.
There is an open door here.
There is a staircase leading out of the dungeon here.
Are you sure you want to leave the Dungeon?
This will make you lose the game!
You have escaped!

#.......+.........+.........
##....###.........####...###
##...# ##.......## ##..#
##.## ##.....## #..# #.#
##...## #.## #.#
##'#########.# #.#
###♣♣.......##.#
########.#####8♣♣♣######.##.#
#.........#..'.@♣♣#.........#
#.........#.##8♣♣♣..#.##..###
#..#####....####♣♣..#.##..#
#..#):!#..#...............#
#..#?)$#..#.#####.#.#####.#
#..#[!$#....# #.#.#####.#
#..#####....# #.#.......#
#...........# #.#########
#..........## ##.######


There were no monsters in sight!

Vanquished Creatures
  Sigmund (D:2)
  A gnoll (D:1)
  A dart slug (D:2)
  2 endoplasms (D:1)
  2 giant cockroaches (D:1)
  3 goblins
  5 hobgoblins
  2 ball pythons (D:1)
  A bat (D:2)
  A frilled lizard (D:1)
  2 kobolds (D:2)
  A rat (D:2)
22 creatures vanquished.

Notes
Turn   | Place    | Note
-------+----------+-------------------------------------------
     0 | D:1      | Alarkh the Demonspawn Warper began the quest for the Orb.
     0 | D:1      | Reached XP level 1. HP: 16/16 MP: 3/3
    48 | D:1      | Reached skill level 2 in Unarmed Combat
   125 | D:1      | Gained mutation: Spells you cast may paralyse adjacent
                  | enemies. [demonic ancestry]
   125 | D:1      | Reached XP level 2. HP: 16/22 MP: 5/5
   292 | D:1      | Learned a level 2 spell: Blink
   608 | D:1      | Reached skill level 3 in Unarmed Combat
  1088 | D:2      | Gained mutation: You are partially covered in large bone
                  | plates. (SH +4) [demonic ancestry]
  1088 | D:2      | Reached XP level 3. HP: 22/27 MP: 6/6
  1211 | D:2      | Found Vitro's Assorted Antiques.
  1213 | D:2      | Noticed Sigmund
  1364 | D:2      | Killed Sigmund
  1365 | D:2      | Reached skill level 5 in Unarmed Combat
  1365 | D:2      | Gained mutation: You have sharp fingernails. [demonic
                  | ancestry]
  1365 | D:2      | Reached XP level 4. HP: 33/33 MP: 7/7
  1365 | D:2      | Gained mutation: You sometimes gain a little power by
                  | taking damage. [demonic ancestry]
  1365 | D:2      | Reached XP level 5. HP: 38/38 MP: 8/8
  1423 | D:$      | Got out of the dungeon alive.

Illustrated notes

Levels and vault maps discovered:
D:1:      saegor_arrival_simple_b, layout_loops_corners, due_unseen_surprise
D:2:      layout_loops_cross, serial_shops, shop, uniq_sigmund

Skill      XL: |  1  2  3 |
---------------+----------+-----
Unarmed Combat | 2 3 5 |  5.2
Fighting       | |  2.0
Throwing       | |  0.8
Armour         | |  0.8
Dodging        | |  1.7
Spellcasting   | |  2.0
Translocations | |  2.6

Action                     |  1- 3 |  4- 6 || total
---------------------------+-------+-------++-------
  Melee: Unarmed           |    89 |       ||    89
         Punch             |     2 |       ||     2
   Fire: Sling             |     2 |       ||     2
  Evoke: Wand              |    12 |       ||    12
    Use: Potion            |     1 |       ||     1
 Armour: Leather armour    |    44 |       ||    44
  Dodge: Dodged            |    76 |       ||    76
  Block: Other             |    10 |       ||    10
